| TOP OF THE 1ST |
|
Tri-City Dust Devils batting - Pitching for Hillsboro Hops : LHP Haunani Moritiica
|
|
Pitching: LHP Haunani Moritiica
|
|
|
Batting: RHB Jeremy Mercer
|
0-0: Called Strike 0-1: Ball 1-1: Ball 2-1: Foul Ball, location: 2F 2-2: Foul Ball, location: 2F 2-2: DOUBLE (Line Drive, 9LD, EV 103.8 MPH)
|
|
Batting: RHB Ryan Tatum
|
0-0: Ball Jeremy Mercer steals 3rd base 1-0: Called Strike 1-1: Ball 2-1: Called Strike 2-2: Fly out, F9 (Flyball, 9S, EV 87.5 MPH)
|
|
Batting: LHB Frank McConnell
|
0-0: Called Strike 0-1: Called Strike 0-2: Foul Ball, location: 2F 0-2: Ball 1-2: Ball Wild Pitch! Jeremy Mercer scores 2-2: TRIPLE (Flyball, 9D, EV 105.6 MPH)
|
|
Batting: RHB Tom Tate
|
0-0: Ball 1-0: Called Strike 1-1: Foul Ball, location: 2F 1-2: Ball 2-2: Foul Ball, location: 2F 2-2: Foul Ball, location: 2F 2-2: Strikes out looking
|
|
Batting: RHB Derrick Abrams
|
0-0: Ball 1-0: Ground out 6-3 (Groundball, 6, EV 106.2 MPH)
|
| Top of the 1st over - 1 run, 2 hits, 0 errors, 1 left on base; Tri-City 1 - Hillsboro 0 |
| BOTTOM OF THE 1ST |
|
Hillsboro Hops batting - Pitching for Tri-City Dust Devils : RHP Rogelio Nunez
|
|
Pitching: RHP Rogelio Nunez
|
|
|
Batting: RHB Yasuo Nakata
|
0-0: Fly out, F8 (Flyball, 8RD, EV 91.2 MPH)
|
|
Batting: RHB Brandon Joshua
|
0-0: SINGLE (Groundball, 56D, EV 107.5 MPH)
|
|
Batting: LHB Soo-yeon Kym
|
0-0: Ball 1-0: Called Strike Brandon Joshua steals 2nd base 1-1: Called Strike Brandon Joshua steals 3rd base 1-2: Ball 2-2: Strikes out looking
|
|
Batting: RHB Jeremy Coffey
|
0-0: Called Strike 0-1: Ground out 5-3 (Groundball, 5S, EV 70.0 MPH)
|
| Bottom of the 1st over - 0 runs, 1 hit, 0 errors, 1 left on base; Tri-City 1 - Hillsboro 0 |
| TOP OF THE 2ND |
|
Tri-City Dust Devils batting - Pitching for Hillsboro Hops : LHP Haunani Moritiica
|
|
Batting: RHB Joe Weissman
|
0-0: Foul Ball, location: 2F 0-1: Ball 1-1: Ball 2-1: Ball 3-1: Ground out 6-3 (Groundball, 6, EV 81.2 MPH)
|
|
Batting: SHB Ryan Brown
|
0-0: Ball 1-0: Ball 2-0: Swinging Strike 2-1: Foul Ball, location: 2F 2-2: Strikes out swinging
|
|
Batting: RHB Ron Major
|
0-0: Called Strike 0-1: Ball 1-1: Ball 2-1: Swinging Strike 2-2: Strikes out looking
|
| Top of the 2nd over - 0 runs, 0 hits, 0 errors, 0 left on base; Tri-City 1 - Hillsboro 0 |
| BOTTOM OF THE 2ND |
|
Hillsboro Hops batting - Pitching for Tri-City Dust Devils : RHP Rogelio Nunez
|
|
Batting: RHB Chris Bittner
|
0-0: Called Strike 0-1: Swinging Strike 0-2: Foul Ball, location: 2F 0-2: Ball 1-2: Ground out 5-3 (Groundball, 56, EV 76.2 MPH)
|
|
Batting: LHB Andy Wilmoth
|
0-0: Called Strike 0-1: Ball 1-1: SINGLE (Groundball, 56D, EV 110.0 MPH)
|
|
Batting: RHB Jeremy Adams
|
0-0: Foul Ball, location: 2F 0-1: Fly out, F9 (Flyball, 9D, EV 86.2 MPH)
|
|
Batting: RHB Trevor Corey
|
0-0: Ball 1-0: Ground out U3 (Groundball, 3, EV 82.5 MPH)
|
| Bottom of the 2nd over - 0 runs, 1 hit, 0 errors, 1 left on base; Tri-City 1 - Hillsboro 0 |
| TOP OF THE 3RD |
|
Tri-City Dust Devils batting - Pitching for Hillsboro Hops : LHP Haunani Moritiica
|
|
Batting: RHB Tyler West
|
0-0: Ball 1-0: Ball 2-0: Foul Ball, location: 2F 2-1: Fly out, F8 (Flyball, 8RS, EV 93.8 MPH)
|
|
Batting: RHB Jeremy Mercer
|
0-0: Ground out 5-3 (Groundball, 56, EV 86.9 MPH)
|
|
Batting: RHB Ryan Tatum
|
0-0: Ball 1-0: Foul Ball, location: 2F 1-1: Foul Ball, location: 2F 1-2: Ball 2-2: Strikes out swinging
|
| Top of the 3rd over - 0 runs, 0 hits, 0 errors, 0 left on base; Tri-City 1 - Hillsboro 0 |
| BOTTOM OF THE 3RD |
|
Hillsboro Hops batting - Pitching for Tri-City Dust Devils : RHP Rogelio Nunez
|
|
Batting: SHB Mike Kiefer
|
0-0: Ball 1-0: Ground out U3 (Groundball, 3, EV 86.2 MPH)
|
|
Batting: RHB Yasuo Nakata
|
0-0: Reached on error, E6 (Groundball, 6, EV 103.1 MPH)
|
|
Batting: RHB Brandon Joshua
|
0-0: Ball Yasuo Nakata is caught stealing 2nd base 2-4 1-0: Called Strike 1-1: Swinging Strike 1-2: Ball 2-2: Foul Ball, location: 2F 2-2: Strikes out swinging
|
| Bottom of the 3rd over - 0 runs, 0 hits, 1 error, 0 left on base; Tri-City 1 - Hillsboro 0 |
| TOP OF THE 4TH |
|
Tri-City Dust Devils batting - Pitching for Hillsboro Hops : LHP Haunani Moritiica
|
|
Batting: LHB Frank McConnell
|
0-0: Foul Ball, location: 2F 0-1: Ball 1-1: Foul Ball, location: 2F 1-2: Foul Ball, location: 2F 1-2: Ground out 4-3 (Groundball, 34D, EV 90.6 MPH)
|
|
Batting: RHB Tom Tate
|
0-0: Ground out 4-3 (Groundball, 4, EV 92.5 MPH)
|
|
Batting: RHB Derrick Abrams
|
0-0: Called Strike 0-1: Ground out 6-3 (Groundball, 6, EV 84.4 MPH)
|
| Top of the 4th over - 0 runs, 0 hits, 0 errors, 0 left on base; Tri-City 1 - Hillsboro 0 |
| BOTTOM OF THE 4TH |
|
Hillsboro Hops batting - Pitching for Tri-City Dust Devils : RHP Rogelio Nunez
|
|
Batting: LHB Soo-yeon Kym
|
0-0: Ball 1-0: Ball 2-0: Ball 3-0: Called Strike 3-1: Called Strike 3-2: Base on Balls
|
|
Batting: RHB Jeremy Coffey
|
0-0: Ball 1-0: Ball 2-0: Swinging Strike 2-1: Foul Ball, location: 2F 2-2: Foul Ball, location: 2F 2-2: Strikes out swinging
|
|
Batting: RHB Chris Bittner
|
0-0: Foul Ball, location: 2F 0-1: Called Strike 0-2: Ball 1-2: Ball 2-2: Ball 3-2: Strikes out swinging
|
|
Batting: LHB Andy Wilmoth
|
0-0: Ball 1-0: Ball 2-0: Ball 3-0: Base on Balls Soo-yeon Kym to second
|
|
Batting: RHB Jeremy Adams
|
0-0: Swinging Strike 0-1: Swinging Strike 0-2: Ball 1-2: Ball 2-2: Strikes out looking
|
| Bottom of the 4th over - 0 runs, 0 hits, 0 errors, 2 left on base; Tri-City 1 - Hillsboro 0 |
| TOP OF THE 5TH |
|
Tri-City Dust Devils batting - Pitching for Hillsboro Hops : LHP Haunani Moritiica
|
|
Batting: RHB Joe Weissman
|
0-0: Called Strike 0-1: Swinging Strike 0-2: Foul Ball, location: 2F 0-2: Strikes out swinging
|
|
Batting: SHB Ryan Brown
|
0-0: Called Strike 0-1: Ground out 6-3 (Groundball, 6, EV 88.8 MPH)
|
|
Batting: RHB Ron Major
|
0-0: Called Strike 0-1: Foul Ball, location: 2F 0-2: Ball 1-2: Strikes out looking
|
| Top of the 5th over - 0 runs, 0 hits, 0 errors, 0 left on base; Tri-City 1 - Hillsboro 0 |
| BOTTOM OF THE 5TH |
|
Hillsboro Hops batting - Pitching for Tri-City Dust Devils : RHP Rogelio Nunez
|
|
Batting: RHB Trevor Corey
|
0-0: Foul Ball, location: 2F 0-1: Ball 1-1: Ball 2-1: Fly out, F2 (Popup, 2R, EV 93.8 MPH)
|
|
Batting: SHB Mike Kiefer
|
0-0: Swinging Strike 0-1: Foul Ball, location: 2F 0-2: Ball 1-2: Foul Ball, location: 2F 1-2: Strikes out swinging
|
|
Batting: RHB Yasuo Nakata
|
0-0: Called Strike 0-1: Ball 1-1: Swinging Strike 1-2: Ball 2-2: Strikes out swinging
|
| Bottom of the 5th over - 0 runs, 0 hits, 0 errors, 0 left on base; Tri-City 1 - Hillsboro 0 |
| TOP OF THE 6TH |
|
Tri-City Dust Devils batting - Pitching for Hillsboro Hops : LHP Haunani Moritiica
|
|
Batting: RHB Tyler West
|
0-0: Ball 1-0: Fly out, F8 (Flyball, 89M, EV 92.5 MPH)
|
|
Batting: RHB Jeremy Mercer
|
0-0: Ball 1-0: Called Strike 1-1: Foul Ball, location: 2F 1-2: Ball 2-2: Strikes out swinging
|
|
Batting: RHB Ryan Tatum
|
0-0: Foul Ball, location: 2F 0-1: Ball 1-1: Ball 2-1: Foul Ball, location: 2F 2-2: Ball 3-2: Strikes out looking
|
| Top of the 6th over - 0 runs, 0 hits, 0 errors, 0 left on base; Tri-City 1 - Hillsboro 0 |
| BOTTOM OF THE 6TH |
|
Hillsboro Hops batting - Pitching for Tri-City Dust Devils : RHP Rogelio Nunez
|
|
Batting: RHB Brandon Joshua
|
0-0: Ball 1-0: Ball 2-0: Called Strike 2-1: Fly out, F4 (Popup, 34S, EV 76.9 MPH)
|
|
Pitching: RHP Eric Busby
|
|
|
Batting: LHB Soo-yeon Kym
|
0-0: Called Strike 0-1: Foul Ball, location: 2F 0-2: Ground out 6-3 (Groundball, 6, EV 94.4 MPH)
|
|
Batting: RHB Jeremy Coffey
|
0-0: Swinging Strike 0-1: Ground out 5-3 (Groundball, 56S, EV 83.8 MPH)
|
| Bottom of the 6th over - 0 runs, 0 hits, 0 errors, 0 left on base; Tri-City 1 - Hillsboro 0 |
| TOP OF THE 7TH |
|
Tri-City Dust Devils batting - Pitching for Hillsboro Hops : LHP Haunani Moritiica
|
|
Batting: LHB Frank McConnell
|
0-0: Ball 1-0: Swinging Strike 1-1: Swinging Strike 1-2: Foul Ball, location: 2F 1-2: Ball 2-2: Ball 3-2: SINGLE (Groundball, 3D, EV 99.4 MPH)
|
|
Batting: RHB Tom Tate
|
0-0: Ball 1-0: Ball 2-0: Ball Wild Pitch! Frank McConnell to second 3-0: Base on Balls
|
|
Batting: RHB Derrick Abrams
|
0-0: Called Strike 0-1: Called Strike 0-2: Foul Ball, location: 2F 0-2: Strikes out swinging
|
|
Pitching: RHP Scott Dobrowolski
|
|
|
Batting: RHB Joe Weissman
|
0-0: Called Strike 0-1: Ball 1-1: Foul Ball, location: 2F 1-2: Ball 2-2: Ball 3-2: Grounds into double play, U6-3 (Groundball, 4MD, EV 103.1 MPH)
|
| Top of the 7th over - 0 runs, 1 hit, 0 errors, 1 left on base; Tri-City 1 - Hillsboro 0 |
| BOTTOM OF THE 7TH |
|
Hillsboro Hops batting - Pitching for Tri-City Dust Devils : RHP Eric Busby
|
|
Batting: RHB Chris Bittner
|
0-0: Called Strike 0-1: Swinging Strike 0-2: Foul Ball, location: 2F 0-2: Ball 1-2: Foul Ball, location: 2F 1-2: Ball 2-2: Foul Ball, location: 2F 2-2: Fly out, F7 (Flyball, 7LS, EV 87.5 MPH)
|
|
Batting: LHB Andy Wilmoth
|
0-0: Swinging Strike 0-1: Foul Ball, location: 2F 0-2: Ball 1-2: Ball 2-2: Foul Ball, location: 2F 2-2: Foul Ball, location: 2F 2-2: Strikes out looking
|
|
Batting: RHB Jeremy Adams
|
0-0: Ball 1-0: Ball 2-0: Called Strike 2-1: Foul Ball, location: 2F 2-2: Foul Ball, location: 2F 2-2: Strikes out looking
|
| Bottom of the 7th over - 0 runs, 0 hits, 0 errors, 0 left on base; Tri-City 1 - Hillsboro 0 |
| TOP OF THE 8TH |
|
Tri-City Dust Devils batting - Pitching for Hillsboro Hops : RHP Scott Dobrowolski
|
|
Batting: SHB Ryan Brown
|
0-0: Called Strike 0-1: Called Strike 0-2: Ball 1-2: Ball 2-2: Strikes out swinging
|
|
Pinch Hitting: LHB Paul Adams
|
0-0: Ball 1-0: Called Strike 1-1: Called Strike 1-2: Ball 2-2: SINGLE (Groundball, 4MD, EV 98.1 MPH)
|
|
Batting: RHB Tyler West
|
0-0: SINGLE (Line Drive, 8LS, EV 87.5 MPH) Paul Adams to second Runner from 2nd tries for 3rd, SAFE, throw by CF made to third
|
|
Batting: RHB Jeremy Mercer
|
0-0: Ball 1-0: Called Strike 1-1: Swinging Strike 1-2: Foul Ball, location: 2F 1-2: Strikes out swinging
|
|
Batting: LHB Roger Duque
|
|
|
Pitching: LHP Brayden Conway
|
|
|
Batting: RHB Ruben Luis
|
0-0: Swinging Strike 0-1: Ball 1-1: Fly out, F9 (Flyball, 89M, EV 85.6 MPH)
|
| Top of the 8th over - 0 runs, 2 hits, 0 errors, 2 left on base; Tri-City 1 - Hillsboro 0 |
| BOTTOM OF THE 8TH |
|
Hillsboro Hops batting - Pitching for Tri-City Dust Devils : RHP Eric Busby
|
|
Pitching: RHP Scott Gillis
|
|
|
Now at 2B: Brent Little
|
|
|
Now at SS: Jeremy Mercer
|
|
|
Batting: RHB Trevor Corey
|
0-0: Ball 1-0: Swinging Strike 1-1: Foul Ball, location: 2F 1-2: Ball 2-2: Ball 3-2: Strikes out swinging
|
|
Pinch Hitting: RHB Edgar Garcia
|
0-0: Fly out, F9 (Flyball, 89S, EV 93.8 MPH)
|
|
Batting: RHB Yasuo Nakata
|
0-0: Called Strike 0-1: Ground out 4-3 (Groundball, 34, EV 82.5 MPH)
|
| Bottom of the 8th over - 0 runs, 0 hits, 0 errors, 0 left on base; Tri-City 1 - Hillsboro 0 |
| TOP OF THE 9TH |
|
Tri-City Dust Devils batting - Pitching for Hillsboro Hops : LHP Brayden Conway
|
|
Now in LF: Edgar Garcia
|
|
|
Batting: LHB Frank McConnell
|
0-0: Ball 1-0: Called Strike 1-1: Ball 2-1: Ball 3-1: Ground out 6-3 (Groundball, 4M, EV 89.4 MPH)
|
|
Pitching: RHP Manuel Maldonado
|
|
|
Batting: RHB Tom Tate
|
0-0: Swinging Strike 0-1: Ball 1-1: SINGLE (Line Drive, 9, EV 91.9 MPH)
|
|
Batting: RHB Derrick Abrams
|
0-0: Ball 1-0: Ball 2-0: Called Strike Tom Tate steals 2nd base 2-1: Foul Ball, location: 2F 2-2: Ball 3-2: Foul Ball, location: 2F 3-2: Fly out, F8 (Flyball, 8RD, EV 101.2 MPH)
|
|
Batting: RHB Joe Weissman
|
0-0: Intentional Walk
|
|
Batting: SHB Ryan Brown
|
0-0: Ball 1-0: Foul Ball, location: 2F 1-1: Swinging Strike 1-2: Ball 2-2: Ball 3-2: Ground out 6-3 (Groundball, 6, EV 80.0 MPH)
|
| Top of the 9th over - 0 runs, 1 hit, 0 errors, 2 left on base; Tri-City 1 - Hillsboro 0 |
| BOTTOM OF THE 9TH |
|
Hillsboro Hops batting - Pitching for Tri-City Dust Devils : RHP Scott Gillis
|
|
Pitching: RHP Angelo Radford
|
|
|
Batting: RHB Brandon Joshua
|
0-0: Ball 1-0: Foul Ball, location: 2F 1-1: Ball 2-1: Foul Ball, location: 2F 2-2: SINGLE (Groundball, 4MD, EV 96.9 MPH)
|
|
Batting: LHB Soo-yeon Kym
|
0-0: Ball 1-0: DOUBLE (Line Drive, 8RXD, EV 103.1 MPH) Brandon Joshua to third
|
|
Batting: RHB Jeremy Coffey
|
0-0: Ball 1-0: Foul Ball, location: 2F 1-1: Foul Ball, location: 2F 1-2: Ball 2-2: Ball 3-2: Foul Ball, location: 2F 3-2: Ground out 5-3 (Groundball, 56S, EV 65.0 MPH)
|
|
Batting: RHB Chris Bittner
|
0-0: Ball 1-0: Swinging Strike 1-1: Ball 2-1: Ball 3-1: Foul Ball, location: 2F 3-2: Strikes out swinging
|
|
Batting: LHB Andy Wilmoth
|
0-0: Called Strike 0-1: Ball 1-1: Called Strike 1-2: Ground out U3 (Groundball, 3, EV 89.4 MPH)
|
| Bottom of the 9th over - 0 runs, 2 hits, 0 errors, 2 left on base; Tri-City 1 - Hillsboro 0 |
|